Map: Beckett Industries LE

Players

Clem - Winner!

  • Race: Terran Terran

MarineLorD

  • Race: Terran Terran
  • League: Master

Event: DreamHack SC2 Masters 2021 Winter

VOD

Have the link to the VOD?

Description

Time

  • Played on: Oct. 16, 2021, 1:38 p.m.
  • Length: 4:45

All games in this series

Show
View Real Time Build Order
Export as new Build Order

Clem Terran - Winner!

Build Orders: Hellion Opening 

Get SALT Encoding   

  12  0:00  SCV  
  13  0:12  SCV  
  14  0:17  Supply Depot  
  14  0:24  SCV  
  15  0:38  SCV  
  15  0:40  Barracks  
  16  0:43  Refinery  
  16  0:50  SCV  
  16  0:55  Refinery  
  17  1:02  SCV  
  18  1:15  SCV  
  19  1:26  Reaper  
  19  1:27  Orbital Command  
  20  1:33  Supply Depot  
  20  1:43  Factory  
  20  1:52  SCV  
  21  1:59  Barracks Reactor  
  21  2:04  SCV  
  22  2:16  SCV  
  23  2:23  Command Center  
  23  2:28  SCV  
  24  2:34  Starport  
  24  2:39  Hellion  
  28  2:44  Hellion  
  28  2:47  Barracks Tech Lab  
  28  2:53  Supply Depot  
  28  2:56  SCV  
  31  3:05  Marauder  
  31  3:06  Concussive Shells  
  31  3:15  Hellion  
  31  3:16  Hellion  
  35  3:20  Medivac  
  39  3:27  Marauder  
  39  3:35  SCV  
  39  3:36  Refinery  
  39  3:38  Hellion  
  42  3:43  Hellion  
  42  3:47  SCV  
  45  3:50  Starport Tech Lab  
  45  3:56  Orbital Command  
  45  4:00  SCV  
  46  4:11  Marine x2  
  46  4:15  SCV  
  54  4:27  SCV  
  53  4:33  SCV  
Show
View Real Time Build Order
Export as new Build Order

MarineLorD Terran 

Build Orders:  

Get SALT Encoding   

  12  0:00  SCV  
  13  0:12  SCV  
  14  0:17  Supply Depot  
  14  0:24  SCV  
  15  0:38  SCV  
  15  0:40  Barracks  
  16  0:44  Refinery  
  16  0:50  SCV  
  16  0:53  Refinery  
  17  1:02  SCV  
  18  1:14  SCV  
  19  1:26  Reaper  
  19  1:27  Orbital Command  
  19  1:30  Supply Depot  
  20  1:41  Factory  
  20  1:52  SCV  
  21  1:58  Reaper  
  22  2:04  SCV  
  23  2:16  SCV  
  24  2:22  Command Center  
  24  2:27  Hellion  
  24  2:28  SCV  
  27  2:32  Barracks Tech Lab  
  27  2:38  Supply Depot  
  27  2:40  SCV  
  28  2:52  Starport  
  28  3:00  Barracks Tech Lab, Cyclone  
  28  3:04  SCV  
  32  3:16  SCV  
  33  3:22  Refinery  
  33  3:27  Barracks Reactor  
  33  3:28  SCV  
  33  3:32  Widow Mine  
  36  3:35  Orbital Command  
  36  3:40  SCV  
  37  3:42  Raven  
  39  3:52  SCV  
  40  3:57  Cyclone  
  40  4:02  SCV  
  44  4:03  Marine  
  44  4:04  SCV, Marine  
  47  4:14  SCV  
  47  4:16  SCV  
  49  4:21  Marine x2  
  46  4:26  SCV  
  46  4:28  SCV  

Tags
 
Add a new tag
Caveats
  • Supply blocks, unpowered buildings, or Contaminate may cause inaccurate times.
  • Supply counts are checked every 10 seconds.